cohdb
Replays
Latest Replays
All Replays
Popular Replays
Top Player Replays
Match Explorer
How It Works
Community
CoH3 Stats
Reddit
Sign in to upload your games and track your stats! →
Sign in with Steam
Match 47182795
Unlisted
Match 47182795
Overview
Messages
Build Orders
End
Kradschützen Motorcycle Team
250 Light Carrier
Selects Armored Support Battlegroup
Panzergrenadier Squad
Construct Light Support Kompanie
Assault Grenadier Squad
Combat Half-tracks
Selects Superior Fire Drills
Assault Grenadier Squad
Fire Support Elements
Assault Mechanized Group
Selects Salvage Kits
Construct Panzerarmee Kommand
Veteran Squad Leaders
Selects Panzer Storm
Emergency Repair Kits
PoteRush
9magicfingers
Speedbird
Epouvente
0
0
Comments
sign in to comment!
No comments posted yet!